Map: Triton LE

Players

TYTY (TY) - Winner!

  • Race: Terran Terran
  • Spawn Location: 11:00

Hurricane

  • Race: Protoss Protoss
  • Spawn Location: 5:00

Event: IEM Katowice 2020

VOD

Have the link to the VOD?

Description

Time

  • Played on: Feb. 28, 2020, 10:53 a.m.
  • Length: 8:43

All games in this series

Show
View Real Time Build Order
Export as new Build Order

TYTY Terran - Winner!

Build Orders: Banshee Rush 

Get SALT Encoding   

  12  0:00  SCV  
  13  0:13  SCV  
  14  0:17  Supply Depot  
  14  0:25  SCV  
  15  0:38  SCV  
  15  0:40  Barracks  
  16  0:43  Refinery  
  16  0:50  SCV  
  17  1:03  SCV  
  18  1:15  SCV  
  19  1:28  Barracks Reactor  
  19  1:29  Orbital Command  
  19  1:39  Command Center  
  19  1:49  Supply Depot  
  19  1:55  SCV  
  20  2:03  Factory  
  20  2:05  Marine  
  21  2:08  Marine  
  21  2:12  SCV  
  23  2:23  Marine  
  23  2:24  SCV  
  23  2:26  Marine  
  26  2:34  Refinery  
  26  2:36  SCV  
  27  2:48  SCV, Starport  
  28  2:52  Hellion  
  28  2:53  Hellion  
  28  2:57  Orbital Command  
  31  3:00  Barracks Tech Lab  
  31  3:05  SCV  
  32  3:14  Hellion  
  32  3:15  Hellion  
  32  3:17  SCV  
  37  3:25  SCV  
  38  3:29  SCV  
  38  3:30  Cloaking Field  
  38  3:33  Banshee  
  42  3:40  SCV  
  42  3:41  Supply Depot  
  43  3:47  Marine  
  45  3:48  SCV  
  42  3:57  SCV  
  42  4:00  SCV  
  41  4:06  Marine x2  
  41  4:09  SCV  
  42  4:14  SCV, Factory Tech Lab  
  43  4:18  Banshee  
  43  4:21  SCV  
  45  4:24  Marine x2, Supply Depot  
  45  4:26  SCV  
  46  4:33  SCV  
  46  4:34  Siege Tank  
  46  4:35  Command Center  
  50  4:38  SCV  
  50  4:42  Marine  
  52  4:48  SCV  
  52  4:49  Barracks  
  52  4:51  Barracks  
  53  4:56  Marine  
  53  4:57  SCV  
  55  5:00  Marine  
  55  5:01  Raven, SCV  
  59  5:08  Refinery  
  59  5:09  SCV, Refinery  
  59  5:10  Supply Depot  
  60  5:14  Marine  
  60  5:17  SCV  
  62  5:21  Supply Depot  
  62  5:27  Engineering Bay  
  62  5:28  Engineering Bay  
  62  5:31  Marine, SCV, Siege Tank  
  62  5:32  SCV  
  68  5:37  Barracks Tech Lab  
  68  5:43  Marine  
  68  5:44  SCV  
  68  5:49  Marine  
  73  5:50  Marine, Orbital Command  
  73  5:51  Stimpack  
  73  5:53  Starport Reactor  
  73  5:57  SCV  
  73  5:58  Terran Infantry Weapons Level 1  
  73  5:59  Marine  
  73  6:01  Marine  
  73  6:03  SCV  
  76  6:05  Barracks  
  76  6:07  Marine  
  76  6:09  Barracks, Terran Infantry Armor Level 1  
  76  6:10  SCV  
  78  6:14  Orbital Command  
  78  6:15  SCV  
  79  6:20  Marine x2  
  79  6:25  SCV  
  82  6:26  Marine, Marauder  
  85  6:37  Medivac x2  
  85  6:38  Factory Tech Lab, Marauder  
  93  6:45  Supply Depot x2  
  91  6:47  Supply Depot  
  91  6:48  Marine  
  89  6:56  Marauder  
  89  6:57  Marine  
  89  7:00  Combat Shield, Concussive Shells  
  91  7:02  Marine  
  91  7:04  Marauder  
  91  7:07  Marauder  
  91  7:08  Medivac x2  
  98  7:09  Marine, Missile Turret  
  98  7:13  Factory Reactor  
  98  7:14  SCV x3, Marine  
  103  7:17  Marine  
  103  7:20  Marine  
  105  7:25  Marine  
  105  7:26  SCV x3  
  105  7:27  Marine, Supply Depot  
  110  7:34  Marine  
  110  7:35  Marauder  
  112  7:38  SCV x3, Supply Depot, Marauder  
  112  7:43  Marine  
  117  7:48  Marine  
  117  7:51  Medivac  
  117  7:55  Supply Depot  
  117  7:56  Supply Depot  
  117  7:57  Factory Reactor  
  117  7:58  Marine x2, SCV x3  
  122  8:03  Marine x3  
  122  8:04  Marauder  
  127  8:07  Armory  
  127  8:10  SCV x3  
  130  8:14  Refinery  
  130  8:16  Marauder  
  130  8:17  Marine x2  
  133  8:22  SCV x3  
  133  8:24  Marine x2  
  148  8:42  Supply Depot  
  148  8:43  Supply Depot  
Show
View Real Time Build Order
Export as new Build Order

Hurricane Protoss 

Build Orders: 1 Gate Expand, Blink Stalkers 

Get SALT Encoding   

  12  0:00  Probe  
  13  0:12  Probe  
  14  0:19  Pylon  
  14  0:24  Probe  
  15  0:38  Probe (Chrono Boost), Gateway  
  16  0:46  Probe (Chrono Boost)  
  16  0:47  Assimilator  
  17  0:52  Probe  
  18  1:04  Probe  
  19  1:16  Probe  
  20  1:23  Nexus  
  20  1:32  Cybernetics Core  
  20  1:35  Probe  
  21  1:40  Assimilator  
  21  1:48  Probe  
  21  1:50  Pylon  
  22  2:00  Probe  
  23  2:05  Adept (Chrono Boost)  
  23  2:09  Warp Gate  
  23  2:12  Probe  
  26  2:23  Twilight Council  
  26  2:24  Probe  
  26  2:27  Stalker (Chrono Boost)  
  29  2:36  Probe (Chrono Boost)  
  31  2:43  Probe (Chrono Boost)  
  31  2:45  Probe (Chrono Boost)  
  31  2:50  Probe x2 (Chrono Boost)  
  31  2:51  Sentry  
  36  3:01  Probe  
  36  3:02  Probe  
  38  3:06  Gateway  
  38  3:10  Blink  
  38  3:13  Probe  
  38  3:14  Probe  
  38  3:15  Stalker (Chrono Boost)  
  42  3:24  Gateway  
  42  3:27  Probe  
  42  3:30  Probe  
  42  3:33  Shield Battery  
  44  3:39  Probe  
  44  3:40  Robotics Facility  
  45  3:42  Probe  
  46  3:54  Probe x2  
  44  3:58  Stalker  
  44  4:08  Probe  
  40  4:20  Stalker x2  
  40  4:22  Probe x2  
  46  4:33  Pylon  
  46  4:44  Nexus  
  46  4:45  Pylon  
  46  4:52  Probe x2, Observer (Chrono Boost)  
  49  4:56  Pylon  
  49  5:01  Forge  
  49  5:02  Forge  
  49  5:05  Probe, Observer (Chrono Boost)  
  49  5:06  Probe  
  52  5:12  Stalker  
  54  5:14  Stalker  
  54  5:18  Probe x2  
  58  5:22  Observer (Chrono Boost)  
  59  5:28  Pylon  
  59  5:31  Probe (Chrono Boost)  
  61  5:36  Probe (Chrono Boost), Assimilator  
  61  5:38  Protoss Ground Weapons Level 1 (Chrono Boost), Assimilator  
  61  5:40  Probe (Chrono Boost)  
  62  5:44  Probe (Chrono Boost)  
  62  5:45  Probe (Chrono Boost)  
  62  5:48  Protoss Ground Armor Level 1 (Chrono Boost)  
  64  5:55  Probe  
  64  5:56  Pylon  
  65  5:57  Probe x2 (Chrono Boost)  
  65  5:58  Gateway  
  67  6:04  Gateway  
  67  6:09  Probe x2 (Chrono Boost)  
  70  6:12  Probe (Chrono Boost), Gateway  
  70  6:18  Probe x2 (Chrono Boost)  
  72  6:20  Immortal  
  72  6:21  Probe (Chrono Boost)  
  72  6:23  Probe x2  
  72  6:24  Sentry  
  81  6:31  Probe  
  79  6:35  Probe  
  75  6:44  Probe  
  74  6:47  Probe  
  74  6:48  Probe, Observer  
  74  6:53  Gateway  
  71  6:56  Probe  
  71  6:57  Gateway  
  71  6:58  Gateway  
  71  6:59  Probe  
  71  7:00  Probe  
  73  7:03  Robotics Bay  
  73  7:04  Warp Prism (Chrono Boost)  
  75  7:12  Sentry x2, Zealot  
  75  7:15  Zealot x2  
  83  7:16  Zealot  
  83  7:21  Probe x3  
  90  7:35  Zealot x3  
  90  7:36  Zealot x2  
  100  7:41  Pylon, Zealot  
  98  7:56  Colossus (Chrono Boost)  
  98  7:58  Zealot  
  98  8:02  Pylon  
  98  8:03  Probe x2  
  98  8:04  Pylon  
  106  8:08  Probe  
  107  8:17  Stalker  
  103  8:29  Zealot x7  

Tags
 
Add a new tag
Caveats
  • Supply blocks, unpowered buildings, or Contaminate may cause inaccurate times.
  • Supply counts are checked every 10 seconds.